 Dungeon Crawl Stone Soup version 0.28-a0-1159-g27aa881441 (webtiles) character file.

Game seed: 13606051208876327642

59 blank1 the Shield-Bearer (level 3, 0/33 HPs)
             Began as a Minotaur Fighter on Dec 16, 2021.
             Succumbed to an adder's poison
             ... on level 4 of the Dungeon.
             The game lasted 00:03:01 (1658 turns).

blank1 the Shield-Bearer (Minotaur Fighter)         Turns: 1658, Time: 00:03:01

Health: 0/33       AC:  8    Str: 22    XL:     3   Next: 78%
Magic:  2/2        EV: 10    Int:  5    God:
Gold:   92         SH:  4    Dex:  9    Spells: 2/2 levels left

rFire   + . .      SeeInvis +   a - +0 flail
rCold   + . .      Faith    .   c - +0 buckler
rNeg    . . .      Spirit   .   b - +0 scale mail
rPois   +          Reflect  .   (helmet restricted)
rElec   +          Harm     .   k - +0 cloak
rCorr   +          Rampage  .   (no gloves)
Will    .....                   (no boots)
Stlth   ..........              (no amulet)
HPRegen 0.11/turn               g - ring of see invisible
MPRegen 0.08/turn               (no ring)

@: lethally poisoned (0 -> -1), resistant, flying
A: horns 2, retaliatory headbutt
a: no special abilities


You were on level 4 of the Dungeon.
You visited 1 branch of the dungeon, and saw 3 of its levels.

You collected 92 gold pieces.

Inventory:

Hand Weapons
 a - a +0 flail (weapon)
Armour
 b - a +0 scale mail (worn)
 c - a +0 buckler (worn)
 k - a +0 cloak (worn)
Jewellery
 g - a ring of see invisible (left hand)
Scrolls
 h - a scroll of amnesia {unknown}
Potions
 d - a potion of might


   Skills:
 - Level 4.0 Fighting
 + Level 3.4 Maces & Flails
 - Level 4.0 Armour
 - Level 2.0 Dodging
 - Level 4.0 Shields


You had 2 spell levels left.
You didn't know any spells.
Your spell library contained the following spells:

 Spells                   Type           Power      Damage    Failure   Level
 Foxfire                  Conj/Fire      0%         2x1d4     80%         1
 Magic Dart               Conj           0%         1d3       80%         1
 Call Imp                 Summ           0%         N/A       90%         2
 Conjure Flame            Conj/Fire      0%         6-21      99%         3
 Inner Flame              Hex/Fire       0%         N/A       99%         3
 Mephitic Cloud           Conj/Pois/Air  0%         N/A       99%         3
 Flame Wave               Conj/Fire      0%         2d4       100%        4


Dungeon Overview and Level Annotations

Branches:
Dungeon (2/15)

Altars:
Makhleb

Shops:
D:1 [


Innate Abilities, Weirdness & Mutations

You have a pair of horns on your head.
You reflexively headbutt those who attack you in melee.


Message History

The gnoll shaman hits you with a +0 whip.
You sock the adder!
You kill the adder!
You feel sick.
The gnoll shaman hits you with a +0 whip.
Training target 2.0 for Dodging reached!
Your Dodging skill increases to level 2!
You are too injured to fight recklessly!
You are too injured to fight recklessly!
You are too injured to fight recklessly!
You are too injured to fight recklessly!
You hit the gnoll shaman.
The gnoll shaman is moderately wounded.
You feel sick. The gnoll hits you with a +0 whip.
* * * LOW HITPOINT WARNING * * *
The gnoll shaman hits you with a +0 whip.
* * * LOW HITPOINT WARNING * * *
The gnoll closely misses you.
Okay, then.
Blink to where?
Press: ? - help, Dir - move target
Found a fizzy yellow potion.
As you read the scroll labelled UXTAKU IDEOSK, it crumbles to dust.
It was a scroll of blinking.
* * * LOW HITPOINT WARNING * * *
You feel sick.
It was a potion of resistance.
You feel protected.
* * * LOW HITPOINT WARNING * * *
You feel sick.
A kobold comes into view. It is wielding a +0 club.
It was a potion of flight.
You feel very buoyant.
You fly up into the air.
* * * LOW HITPOINT WARNING * * *
You feel sick.
The kobold shouts!
The kobold throws a stone.
You block the stone.
It was a potion of magic.
Magic courses through your body.
You die...

### K.. ##._ .. # #...
#.. #. .8. .. F. .. #.#
#.#.### #..
#.#.#..#.####?.######..
.....!g†g.gg...@.......
######.........########
###########


You could see a gnoll shaman, 2 gnolls and a kobold.

Vanquished Creatures
  2 adders
  4 endoplasms
  2 goblins (D:2)
  4 hobgoblins
  2 jackals (D:2)
  2 quokkas
  3 ball pythons
  2 bats (D:2)
  5 frilled lizards
  6 kobolds
  7 rats
  A spectral goblin (D:1)
40 creatures vanquished.

Notes
Turn   | Place    | Note
-------+----------+-------------------------------------------
     0 | D:1      | blank1 the Minotaur Fighter began the quest for the Orb.
     0 | D:1      | Reached XP level 1. HP: 19/19 MP: 0/0
   139 | D:1      | Found Gock's Antique Armour Emporium.
   265 | D:1      | Found a faded altar of an unknown god.
   392 | D:1      | Reached XP level 2. HP: 23/27 MP: 1/1
  1254 | D:2      | Reached skill level 1 in Dodging
  1355 | D:2      | Reached XP level 3. HP: 26/33 MP: 2/2
  1635 | D:2      | You fall into a shaft and drop 2 floors!
  1641 | D:4      | Found a burning altar of Makhleb.
  1641 | D:4      | Noticed a bullfrog
  1657 | D:4      | HP: 1/33 [poisoned by an adder]
  1658 | D:4      | Succumbed to an adder's poison

Illustrated notes

Levels and vault maps discovered:
D:1:      dpeg_arrival_boxorama, layout_basic, serial_shops,
          nicolae_shop_statue_plus, dreamdust_ecumenical_altar_drowned_temple,
          kennysheep_flooded_box, glass_columns_c
D:2:      minmay_angry_zag, layout_basic
D:4:      layout_layer_cave, minmay_temple_entry_stoned_glass,
          minmay_ruined_shrine, uniq_blork_the_orc

Skill      XL: |  1  2  3 |
---------------+----------+-----
Dodging        | 1 2 |  2.0
Shields        | 4 |  4.0
Armour         | 4 |  4.0
Fighting       | 4 |  4.0
Maces & Flails | 3 |  3.4

Action                   || total
-------------------------++-------
Melee: Flail             ||    75
       Headbutt          ||     9
  Use: Potion            ||     3
       Scroll            ||     1
Armor: Scale mail        ||    27
Dodge: Dodged            ||    39
Block: Buckler           ||    17

Table legend: (Time is in decaauts)
 A = Elapsed time spent in this place.
 B = Non-inter-level travel time spent in this place.
 C = Inter-level travel time spent in this place.
 D = Time resting spent in this place.
 E = Time spent auto-exploring this place.
 F = Levels seen in this place.
 G = Mean time per level.
                   A        B        C        D        E       F      G
               +--------+--------+--------+--------+--------+-----+--------+
         Total |   1681 |   1608 |     73 |      0 |   1373 |   3 |  560.3 |
       Dungeon |   1681 |   1608 |     73 |      0 |   1373 |   3 |  560.3 |
               +--------+--------+--------+--------+--------+-----+--------+

Top non-repeatable levels by time:
     D:1: 1042 daAuts
     D:2: 612 daAuts
     D:4: 26 daAuts
